PIO (24 & UNDER)
SASKATOON SMOKIN' GUNS @ SALEM SLEDGEHAMMERS
09/06/2024
 
TOP OF THE 1ST
Saskatoon Smokin' Guns batting - Pitching for Salem Sledgehammers : RHP Joe Shoemaker
Pitching: RHP Joe Shoemaker
Batting: LHB Bo Rush 0-0: Ball
1-0: Foul Ball, location: 2F
1-1: Fly out, F8 (Flyball, 8LXD)
Batting: RHB César Rodríguez 0-0: Called Strike
0-1: Swinging Strike
0-2: Strikes out swinging
Batting: LHB Russell Peck 0-0: Ball
1-0: Ball
2-0: Foul Ball, location: 2F
2-1: SINGLE (Line Drive, 4MD)
Batting: LHB José Liñares 0-0: Ground out 3-1 (Groundball, 34)
Top of the 1st over - 0 run(s), 1 hit(s), 0 error(s), 1 left on base; Saskatoon 0 - Salem 0
BOTTOM OF THE 1ST
Salem Sledgehammers batting - Pitching for Saskatoon Smokin' Guns : LHP Alfonso Quintero
Pitching: LHP Alfonso Quintero
Batting: LHB José Sánchez 0-0: Bunt for hit - play at first, batter OUT! 3-4
Batting: RHB Patrick Daniels 0-0: Ball
1-0: Swinging Strike
1-1: Called Strike
1-2: Ball
2-2: Foul Ball, location: 2F
2-2: Foul Ball, location: 2F
2-2: Ball
3-2: Fly out, F8 (Flyball, 78M)
Batting: RHB Glenn Broadwater 0-0: Foul Ball, location: 2F
0-1: Swinging Strike
0-2: Strikes out swinging
Bottom of the 1st over - 0 run(s), 0 hit(s), 0 error(s), 0 left on base; Saskatoon 0 - Salem 0
TOP OF THE 2ND
Saskatoon Smokin' Guns batting - Pitching for Salem Sledgehammers : RHP Joe Shoemaker
Batting: RHB Eric Neal 0-0: Ball
1-0: Ground out 5-3 (Groundball, 5)
Batting: LHB Raúl Casillán 0-0: Called Strike
0-1: DOUBLE (Flyball, 89D)
Batting: RHB Chris Richards 0-0: Ball
1-0: Called Strike
1-1: Ball
2-1: Ball
Error on foul ball, E7
3-2: Strikes out swinging
Batting: SHB Mario Gómez 0-0: Called Strike
0-1: Swinging Strike
0-2: Strikes out swinging
Top of the 2nd over - 0 run(s), 1 hit(s), 1 error(s), 1 left on base; Saskatoon 0 - Salem 0
BOTTOM OF THE 2ND
Salem Sledgehammers batting - Pitching for Saskatoon Smokin' Guns : LHP Alfonso Quintero
Batting: RHB Dale Reeves 0-0: Ball
1-0: Ball
2-0: Ball
3-0: Base on Balls
Batting: LHB Juan Aguilar 0-0: Ball
1-0: Foul Ball, location: 2F
1-1: Called Strike
1-2: Foul Ball, location: 2F
1-2: Ball
2-2: Ball
3-2: Strikes out swinging
Batting: RHB Finn Buys 0-0: Called Strike
0-1: Ball
1-1: Ball
2-1: Ball
3-1: Called Strike
3-2: Foul Ball, location: 2F
3-2: Strikes out swinging
Dale Reeves is caught stealing 2nd base
Batter strikes out.
Bottom of the 2nd over - 0 run(s), 0 hit(s), 0 error(s), 0 left on base; Saskatoon 0 - Salem 0
TOP OF THE 3RD
Saskatoon Smokin' Guns batting - Pitching for Salem Sledgehammers : RHP Joe Shoemaker
Batting: RHB Jason O'Toole 0-0: Called Strike
0-1: Ground out 4-3 (Groundball, 4)
Batting: LHB Bo Rush 0-0: Ball
1-0: SINGLE (Line Drive, 9LS)
Batting: RHB César Rodríguez 0-0: Called Strike
0-1: Ball
1-1: Hit by Pitch
Bo Rush to second
Batting: LHB Russell Peck 0-0: Ball
1-0: Grounds into double play, 3-6-3 (Groundball, 3)
Top of the 3rd over - 0 run(s), 1 hit(s), 0 error(s), 1 left on base; Saskatoon 0 - Salem 0
BOTTOM OF THE 3RD
Salem Sledgehammers batting - Pitching for Saskatoon Smokin' Guns : LHP Alfonso Quintero
Batting: RHB Robert Stevens 0-0: Called Strike
0-1: Ball
1-1: Called Strike
1-2: Foul Ball, location: 2F
1-2: Foul Ball, location: 2F
1-2: Foul Ball, location: 2F
1-2: Foul Ball, location: 2F
1-2: Strikes out swinging
Batting: RHB Sergio Mata 0-0: Ball
1-0: Fly out, F4 (Line Drive, 4M)
Batting: LHB Caleb Hall 0-0: Fly out, F8 (Flyball, 78M)
Bottom of the 3rd over - 0 run(s), 0 hit(s), 0 error(s), 0 left on base; Saskatoon 0 - Salem 0
TOP OF THE 4TH
Saskatoon Smokin' Guns batting - Pitching for Salem Sledgehammers : RHP Joe Shoemaker
Batting: LHB José Liñares 0-0: Ball
1-0: Fly out, F1 (Line Drive, 13)
Batting: RHB Eric Neal 0-0: Foul Ball, location: 2F
0-1: Ball
1-1: Swinging Strike
1-2: Ball
2-2: Fly out, F8 (Flyball, 8LXD)
Batting: LHB Raúl Casillán 0-0: Fly out, F8 (Flyball, 8RM)
Top of the 4th over - 0 run(s), 0 hit(s), 0 error(s), 0 left on base; Saskatoon 0 - Salem 0
BOTTOM OF THE 4TH
Salem Sledgehammers batting - Pitching for Saskatoon Smokin' Guns : LHP Alfonso Quintero
Batting: LHB José Sánchez 0-0: Called Strike
0-1: Reached on error, E3 (Groundball, 3)
Batting: RHB Patrick Daniels 0-0: Ball
1-0: Called Strike
1-1: Ball
2-1: Called Strike
2-2: Ball
3-2: Fly out, F7 (Flyball, 78M)
Batting: RHB Glenn Broadwater 0-0: Ball
1-0: Ball
2-0: Fielders Choice at 2nd, 4-6 (Groundball, 4M)
Batting: RHB Dale Reeves Pickoff Throw to First - Out!
Bottom of the 4th over - 0 run(s), 0 hit(s), 1 error(s), 0 left on base; Saskatoon 0 - Salem 0
TOP OF THE 5TH
Saskatoon Smokin' Guns batting - Pitching for Salem Sledgehammers : RHP Joe Shoemaker
Batting: RHB Chris Richards 0-0: Ball
1-0: Bunt for hit - play at first, batter OUT! 1-3
Batting: SHB Mario Gómez 0-0: Fly out, F8 (Flyball, 8RM)
Batting: RHB Jason O'Toole 0-0: Ground out 6-3 (Groundball, 6)
Top of the 5th over - 0 run(s), 0 hit(s), 0 error(s), 0 left on base; Saskatoon 0 - Salem 0
BOTTOM OF THE 5TH
Salem Sledgehammers batting - Pitching for Saskatoon Smokin' Guns : LHP Alfonso Quintero
Batting: RHB Dale Reeves 0-0: Called Strike
0-1: Swinging Strike
0-2: Ball
1-2: Strikes out swinging
Batting: LHB Juan Aguilar 0-0: Ball
1-0: Called Strike
1-1: Foul Ball, location: 2F
1-2: Ball
2-2: Strikes out swinging
Batting: RHB Finn Buys 0-0: Foul Ball, location: 2F
0-1: Ball
1-1: Swinging Strike
1-2: Ball
2-2: Foul Ball, location: 2F
2-2: Strikes out swinging
Bottom of the 5th over - 0 run(s), 0 hit(s), 0 error(s), 0 left on base; Saskatoon 0 - Salem 0
TOP OF THE 6TH
Saskatoon Smokin' Guns batting - Pitching for Salem Sledgehammers : RHP Joe Shoemaker
Batting: LHB Bo Rush 0-0: Ball
1-0: Ground out 4-3 (Groundball, 4)
Batting: RHB César Rodríguez 0-0: Called Strike
0-1: Ball
1-1: SINGLE (Line Drive, 6MD)
Batting: LHB Russell Peck 0-0: Ball
1-0: Called Strike
1-1: Foul Ball, location: 2F
1-2: SINGLE (Line Drive, 78M)
César Rodríguez to second
Batting: LHB José Liñares 0-0: Ball
1-0: Called Strike
1-1: Fielders Choice at 2nd, 6-4 (Groundball, 6)
César Rodríguez to third
Batting: RHB Eric Neal 0-0: Ball
1-0: Ball
2-0: Ball
3-0: Base on Balls
José Liñares to second
Batting: LHB Raúl Casillán 0-0: SINGLE (Line Drive, 4M)
César Rodríguez scores
José Liñares to third
Eric Neal to second
Batting: RHB Chris Richards 0-0: Fly out, F6 (Popup, 5D)
Top of the 6th over - 1 run(s), 3 hit(s), 0 error(s), 3 left on base; Saskatoon 1 - Salem 0
BOTTOM OF THE 6TH
Salem Sledgehammers batting - Pitching for Saskatoon Smokin' Guns : LHP Alfonso Quintero
Batting: RHB Robert Stevens 0-0: SINGLE (Groundball, 56D)
Batting: RHB Sergio Mata 0-0: Ball
1-0: Ball
2-0: TRIPLE (Flyball, 8RXD)
Robert Stevens scores
Batting: LHB Caleb Hall 0-0: Ball
1-0: Ball
2-0: Called Strike
2-1: Ground out 1-3 (Groundball, 25)
Batting: LHB José Sánchez 0-0: Intentional Walk
Pitching: RHP Melvin Hicks
Batting: RHB Patrick Daniels 0-0: Ball
1-0: Foul Ball, location: 2F
1-1: Foul Ball, location: 2F
1-2: Foul Ball, location: 2F
1-2: Foul Ball, location: 2F
1-2: Ball
2-2: Ball
3-2: Foul Ball, location: 2F
3-2: Base on Balls
José Sánchez to second
Batting: RHB Glenn Broadwater 0-0: Called Strike
0-1: Called Strike
0-2: Strikes out swinging
Batting: RHB Dale Reeves 0-0: Called Strike
0-1: Fly out, F4 (Line Drive, 4M)
Bottom of the 6th over - 1 run(s), 2 hit(s), 0 error(s), 3 left on base; Saskatoon 1 - Salem 1
TOP OF THE 7TH
Saskatoon Smokin' Guns batting - Pitching for Salem Sledgehammers : RHP Joe Shoemaker
Batting: SHB Mario Gómez 0-0: Ball
1-0: Foul Ball, location: 2F
1-1: Called Strike
1-2: Ground out 6-3 (Groundball, 6)
Batting: RHB Jason O'Toole 0-0: Ground out 4-3 (Groundball, 4)
Batting: LHB Bo Rush 0-0: Ball
1-0: Called Strike
1-1: Foul Ball, location: 2F
1-2: Ball
2-2: Strikes out swinging
Top of the 7th over - 0 run(s), 0 hit(s), 0 error(s), 0 left on base; Saskatoon 1 - Salem 1
BOTTOM OF THE 7TH
Salem Sledgehammers batting - Pitching for Saskatoon Smokin' Guns : RHP Melvin Hicks
Batting: LHB Juan Aguilar 0-0: Foul Ball, location: 2F
0-1: Ball
1-1: Fly out, F8 (Flyball, 8RM)
Pinch Hitting: LHB Nathan Frey 0-0: Ball
1-0: Fly out, F7 (Flyball, 78XD)
Now in LF: Ben Fisher
Batting: RHB Robert Stevens 0-0: Foul Ball, location: 2F
0-1: Ball
1-1: Called Strike
1-2: Ball
2-2: Fly out, F8 (Line Drive, 8LM)
Bottom of the 7th over - 0 run(s), 0 hit(s), 0 error(s), 0 left on base; Saskatoon 1 - Salem 1
TOP OF THE 8TH
Saskatoon Smokin' Guns batting - Pitching for Salem Sledgehammers : RHP Joe Shoemaker
Now in LF: Nathan Frey
Batting: RHB César Rodríguez 0-0: Fly out, F5 (Popup, 5SF)
Batting: LHB Russell Peck 0-0: Ball
1-0: Foul Ball, location: 2F
1-1: Ground out 4-3 (Groundball, 4)
Batting: LHB José Liñares 0-0: Ball
1-0: Called Strike
1-1: Ball
2-1: Ball
3-1: SINGLE (Line Drive, 7S)
Batting: RHB Eric Neal 0-0: Called Strike
0-1: Ball
1-1: Ground out 6-3 (Groundball, 6)
Top of the 8th over - 0 run(s), 1 hit(s), 0 error(s), 1 left on base; Saskatoon 1 - Salem 1
BOTTOM OF THE 8TH
Salem Sledgehammers batting - Pitching for Saskatoon Smokin' Guns : RHP Melvin Hicks
Batting: RHB Sergio Mata 0-0: Ball
1-0: Called Strike
1-1: Swinging Strike
1-2: Foul Ball, location: 2F
1-2: Strikes out looking
Pitching: RHP Lorenzo Montáñez
Batting: LHB Caleb Hall 0-0: Called Strike
0-1: Foul Ball, location: 2F
0-2: Ball
1-2: Ball
2-2: Foul Ball, location: 2F
2-2: Strikes out looking
Batting: LHB José Sánchez 0-0: Swinging Strike
0-1: Ground out U3 (Groundball, 3)
Bottom of the 8th over - 0 run(s), 0 hit(s), 0 error(s), 0 left on base; Saskatoon 1 - Salem 1
TOP OF THE 9TH
Saskatoon Smokin' Guns batting - Pitching for Salem Sledgehammers : RHP Joe Shoemaker
Pitching: RHP Jeff Hansen
Batting: LHB Raúl Casillán 0-0: Ball
1-0: Swinging Strike
1-1: Called Strike
1-2: Strikes out looking
Pinch Hitting: RHB Kenny Thompson 0-0: Ball
1-0: Called Strike
1-1: Swinging Strike
1-2: Strikes out looking
Pinch Hitting: RHB Raúl Méndez 0-0: Called Strike
0-1: Foul Ball, location: 2F
0-2: Strikes out swinging
Top of the 9th over - 0 run(s), 0 hit(s), 0 error(s), 0 left on base; Saskatoon 1 - Salem 1
BOTTOM OF THE 9TH
Salem Sledgehammers batting - Pitching for Saskatoon Smokin' Guns : RHP Lorenzo Montáñez
Now at C: Kenny Thompson
Now in RF: Raúl Méndez
Batting: RHB Patrick Daniels 0-0: Called Strike
0-1: Ball
1-1: Swinging Strike
1-2: Strikes out swinging
Batting: RHB Glenn Broadwater 0-0: Foul Ball, location: 2F
0-1: Ball
1-1: Ball
2-1: Foul Ball, location: 2F
2-2: Strikes out swinging
Batting: RHB Dale Reeves 0-0: Called Strike
0-1: Ball
1-1: Ball
2-1: Ball
3-1: Base on Balls
Batting: LHB Juan Aguilar 0-0: Ball
Dale Reeves steals 2nd base
1-0: Fly out, F3 (Popup, 34)
Bottom of the 9th over - 0 run(s), 0 hit(s), 0 error(s), 1 left on base; Saskatoon 1 - Salem 1
TOP OF THE 10TH
Saskatoon Smokin' Guns batting - Pitching for Salem Sledgehammers : RHP Jeff Hansen
Batting: RHB Jason O'Toole 0-0: Swinging Strike
0-1: Swinging Strike
0-2: Ball
1-2: Ball
2-2: Strikes out swinging, 2-3 out at first.
Batting: LHB Bo Rush 0-0: Ball
1-0: Ball
2-0: Ball
3-0: Called Strike
3-1: Base on Balls
Pinch Runner at 1st Luis Suárez:
Batting: RHB César Rodríguez 0-0: Ball
1-0: Grounds into double play, 6-4-3 (Groundball, 56)
Top of the 10th over - 0 run(s), 0 hit(s), 0 error(s), 0 left on base; Saskatoon 1 - Salem 1
BOTTOM OF THE 10TH
Salem Sledgehammers batting - Pitching for Saskatoon Smokin' Guns : RHP Lorenzo Montáñez
Now at 1B: Juan Chávez
Batting: LHB Nathan Frey 0-0: Ball
1-0: Ground out 6-3 (Groundball, 6M)
Pinch Hitting: RHB Gilberto Silva 0-0: Ball
1-0: Ball
2-0: Foul Ball, location: 2F
2-1: Ball
3-1: Called Strike
3-2: Strikes out looking
Batting: RHB Sergio Mata 0-0: Ball
1-0: Fly out, F9 (Flyball, 89S)
Bottom of the 10th over - 0 run(s), 0 hit(s), 0 error(s), 0 left on base; Saskatoon 1 - Salem 1
TOP OF THE 11TH
Saskatoon Smokin' Guns batting - Pitching for Salem Sledgehammers : RHP Jeff Hansen
Pitching: RHP Guillermo Martínez
Now at C: Gilberto Silva
Batting: LHB Russell Peck 0-0: Called Strike
0-1: Foul Ball, location: 2F
0-2: Foul Ball, location: 2F
0-2: Ball
1-2: Strikes out swinging
Batting: LHB José Liñares 0-0: Called Strike
0-1: Ball
1-1: Ball
2-1: Foul Ball, location: 2F
2-2: Ball
3-2: Strikes out swinging
Batting: RHB Eric Neal 0-0: Ball
1-0: Ball
2-0: Ball
3-0: Called Strike
3-1: Foul Ball, location: 2F
3-2: Ground out 6-3 (Groundball, 6M)
Top of the 11th over - 0 run(s), 0 hit(s), 0 error(s), 0 left on base; Saskatoon 1 - Salem 1
BOTTOM OF THE 11TH
Salem Sledgehammers batting - Pitching for Saskatoon Smokin' Guns : RHP Lorenzo Montáñez
Batting: LHB Caleb Hall 0-0: Ground out U3 (Groundball, 3L)
Batting: LHB José Sánchez 0-0: Ball
1-0: SINGLE (Groundball, 56)
Batting: RHB Patrick Daniels 0-0: Called Strike
0-1: Ball
1-1: Ball
2-1: Fly out, F8 (Flyball, 8LM)
Batting: RHB Glenn Broadwater 0-0: Ball
José Sánchez steals 2nd base
1-0: Called Strike
1-1: Called Strike
1-2: Strikes out looking
Bottom of the 11th over - 0 run(s), 1 hit(s), 0 error(s), 1 left on base; Saskatoon 1 - Salem 1
TOP OF THE 12TH
Saskatoon Smokin' Guns batting - Pitching for Salem Sledgehammers : RHP Guillermo Martínez
Batting: LHB Raúl Casillán 0-0: Ball
1-0: Ball
2-0: Called Strike
2-1: Foul Ball, location: 2F
2-2: Ball
3-2: Base on Balls
Batting: RHB Kenny Thompson 0-0: Sac Bunt - play at first, batter OUT! 2-4
Raúl Casillán to second
Batting: RHB Raúl Méndez 0-0: Ball
1-0: Called Strike
1-1: Ball
2-1: SINGLE (Groundball, 4M)
Raúl Casillán to third
Runner from 3rd tries for Home, SAFE, no throw or cutoff
Batting: RHB Jason O'Toole 0-0: Ball
1-0: Called Strike
1-1: Grounds into double play, 6-4-3 (Groundball, 6M)
Top of the 12th over - 1 run(s), 1 hit(s), 0 error(s), 0 left on base; Saskatoon 2 - Salem 1
BOTTOM OF THE 12TH
Salem Sledgehammers batting - Pitching for Saskatoon Smokin' Guns : RHP Lorenzo Montáñez
Pitching: RHP Clayton Hawkins
Batting: RHB Dale Reeves 0-0: Ball
1-0: Ground out 4-3 (Groundball, 4)
Batting: LHB Juan Aguilar 0-0: Called Strike
0-1: Ball
1-1: Swinging Strike
1-2: Strikes out swinging
Batting: LHB Nathan Frey 0-0: Ball
1-0: Ball
2-0: Called Strike
2-1: Ball
3-1: SINGLE (Line Drive, 78S)
Batting: RHB Gilberto Silva 0-0: Ball
1-0: Ball
2-0: Ball
3-0: Called Strike
3-1: Fielders Choice at 2nd, U6 (Groundball, 6M)
Bottom of the 12th over - 0 run(s), 1 hit(s), 0 error(s), 1 left on base; Saskatoon 2 - Salem 1
This league is powered by Out of the Park Baseball, the baseball management simulation game for PC, Mac and Linux
Saturday, April 9th, 2016 - OOTP Baseball 16.8 Build 38